 Dungeon Crawl Stone Soup version 0.26-a0-1002-g7355149c4d (webtiles) character file.

Game seed: 4991502837510594421

72 siradein the Slasher (level 4, -12/39 HPs)
             Began as a Hill Orc Fighter on Dec 6, 2020.
             Mangled by an ogre
             ... wielding a +0 giant club
              (17 damage)
             ... on level 2 of the Dungeon.
             The game lasted 00:02:47 (1815 turns).

siradein the Slasher (Hill Orc Fighter)             Turns: 1815, Time: 00:02:48

Health: -12/39     AC:  6    Str: 18    XL:     4   Next: 26%
Magic:  4/4        EV:  7    Int:  9    God:
Gold:   79         SH:  9    Dex: 10    Spells: 3/3 levels left

rFire    . . .     SeeInvis .   a - +0 long sword
rCold    . . .     Faith    .   c - +0 kite shield
rNeg     . . .     Spirit   .   b - +0 scale mail
rPois    .         Reflect  .   (no helmet)
rElec    .         Harm     .   (no cloak)
rCorr    .         Rampage  .   (no gloves)
Will     .....                  (no boots)
Stlth    ..........             (no amulet)
HPRegen  0.13/turn              (no ring)
MPRegen  0.09/turn              (no ring)

@: no status effects
A: no striking features
a: no special abilities


You were on level 2 of the Dungeon.
You visited 1 branch of the dungeon, and saw 2 of its levels.

You collected 79 gold pieces.

Inventory:

Hand Weapons
 a - a +0 long sword (weapon)
Armour
 b - a +0 scale mail (worn)
 c - a +0 kite shield (worn)
Scrolls
 e - a scroll of remove curse {unknown}
 f - a scroll of teleportation {unknown}
 i - a scroll of noise {unknown}
 j - a scroll of magic mapping {unknown}
Potions
 d - a potion of might
 g - a potion of invisibility {unknown}
 h - 3 potions of curing {unknown}
 k - 2 potions of lignification {unknown}


   Skills:
 - Level 3.6 Fighting
 + Level 4.8 Long Blades
 - Level 3.2 Armour
 - Level 3.2 Shields


You had 3 spell levels left.
You didn't know any spells.
Your spell library was empty.

Dungeon Overview and Level Annotations

Branches:
Dungeon (2/15)

Altars:
Elyvilon


Message History

The hobgoblin shouts!
You hear a shout!
An ogre comes into view. It is wielding a +0 giant club.
A kobold comes into view.
The kobold shouts!
The hobgoblin hits you but does no damage.
There is an open door here.
You hit the hobgoblin.
You kill the hobgoblin!
You slash the ogre!
The ogre is moderately wounded.
The ogre hits you with a +0 giant club!
You hit the ogre.
The ogre is moderately wounded.
The ogre hits you with a +0 giant club!!
Ouch! That really hurt!
* * * LOW HITPOINT WARNING * * *
You slash the ogre!
The ogre is heavily wounded.
The ogre hits you with a +0 giant club!
You die...

+..#.#.# #..#...# #####
##..##..# #...# #
#...##..# ###...#####.
........# ..........#♣.
##...##..# ......######..
##..##..>
.....########..♣#..######
.........#..##KO@......#
)..[.....#...##♣#......#
.........#....###†.....#
.###.....#.......).....#
.# #####..............^#
.# #.#.............# .#
#.#.............# .#
#.############### .# #.#


You could see an ogre and a kobold.

Vanquished Creatures
  An adder (D:2)
  2 oozes (D:1)
  A worm (D:2)
  2 dart slugs (D:1)
  4 leopard geckos (D:1)
  3 giant cockroaches (D:1)
  4 goblins
  5 hobgoblins
  4 jackals (D:1)
  A quokka (D:2)
  A ball python (D:1)
  7 bats
  2 frilled lizards (D:1)
  4 kobolds
  A rat (D:1)
42 creatures vanquished.

Notes
Turn   | Place    | Note
-------+----------+-------------------------------------------
     0 | D:1      | siradein the Hill Orc Fighter began the quest for the Orb.
     0 | D:1      | Reached XP level 1. HP: 19/19 MP: 1/1
    53 | D:1      | Reached XP level 2. HP: 17/26 MP: 2/2
    63 | D:1      | Reached skill level 3 in Long Blades
   546 | D:1      | Reached XP level 3. HP: 30/31 MP: 3/3
   690 | D:1      | Reached skill level 4 in Long Blades
  1151 | D:2      | Reached XP level 4. HP: 30/39 MP: 4/4
  1301 | D:2      | Found a white marble altar of Elyvilon.
  1809 | D:2      | Noticed an ogre
  1815 | D:2      | Mangled by an ogre

Illustrated notes

Levels and vault maps discovered:
D:1:      lightli_iron_boxes, layout_basic, hangedman_abyss_or_decor_stabs,
          supply_closet_lemuel
D:2:      layout_basic, grunt_ministairs_8, elyvilon_altar_5

Skill      XL: |  1  2  3 |
---------------+----------+-----
Long Blades    | 3 4 |  4.8
Fighting       | |  3.6
Armour         | |  3.2
Shields        | |  3.2

Action                   |  1- 3 |  4- 6 || total
-------------------------+-------+-------++-------
Melee: Long sword        |   107 |    28 ||   135
Armor: Scale mail        |    47 |     7 ||    54
Dodge: Dodged            |    35 |     1 ||    36
Block: Kite shield       |    64 |     8 ||    72
       Rpst.: Long sword |     9 |     1 ||    10

Table legend: (Time is in decaauts)
 A = Elapsed time spent in this place.
 B = Non-inter-level travel time spent in this place.
 C = Inter-level travel time spent in this place.
 D = Time resting spent in this place.
 E = Time spent auto-exploring this place.
 F = Levels seen in this place.
 G = Mean time per level.
                   A        B        C        D        E       F      G
               +--------+--------+--------+--------+--------+-----+--------+
         Total |   1854 |   1843 |     11 |      0 |   1513 |   2 |  927.0 |
       Dungeon |   1854 |   1843 |     11 |      0 |   1513 |   2 |  927.0 |
               +--------+--------+--------+--------+--------+-----+--------+

Top non-repeatable levels by time:
     D:1: 1168 daAuts
     D:2: 686 daAuts
